Map: Blackpink LE

Players

Hurricane - Winner!

  • Race: Protoss Protoss
  • Spawn Location: 7:00

INnoVation

  • Race: Terran Terran
  • Spawn Location: 1:00

Event: IEM Season 12 - Katowice

VOD

Have the link to the VOD?

Description

Time

  • Played on: March 1, 2018, 3:42 p.m.
  • Length: 9:26

All games in this series

Show
View Real Time Build Order
Export as new Build Order

Hurricane Protoss - Winner!

Build Orders: 1 Gate Expand, Colossus Rush 

Get SALT Encoding   

  12  0:00  Probe  
  13  0:12  Probe  
  14  0:19  Pylon  
  14  0:24  Probe  
  15  0:37  Probe (Chrono Boost)  
  15  0:38  Gateway  
  16  0:48  Probe (Chrono Boost), Assimilator  
  17  0:52  Probe (Chrono Boost)  
  18  1:04  Probe  
  19  1:16  Probe  
  20  1:23  Nexus  
  20  1:35  Cybernetics Core  
  20  1:36  Probe  
  20  1:41  Assimilator  
  20  1:48  Probe  
  20  1:50  Pylon  
  21  2:00  Probe  
  22  2:09  Adept (Chrono Boost)  
  22  2:12  Warp Gate, Probe  
  25  2:24  Adept (Chrono Boost)  
  25  2:25  Probe (Chrono Boost)  
  25  2:27  Robotics Facility  
  26  2:35  Probe (Chrono Boost)  
  30  2:43  Probe (Chrono Boost)  
  31  2:44  Probe (Chrono Boost)  
  31  2:49  Probe x2 (Chrono Boost)  
  35  3:01  Probe x2  
  37  3:10  Pylon  
  37  3:13  Probe x2  
  37  3:14  Immortal (Chrono Boost)  
  41  3:25  Probe x2  
  43  3:28  Robotics Bay  
  43  3:37  Probe  
  43  3:39  Probe  
  45  3:43  Warp Prism (Chrono Boost)  
  45  3:47  Gateway  
  47  3:49  Probe  
  47  3:51  Probe  
  49  3:56  Assimilator  
  49  3:58  Assimilator  
  49  4:01  Pylon  
  49  4:03  Probe  
  49  4:05  Probe  
  51  4:12  Observer  
  51  4:13  Pylon  
  51  4:15  Probe  
  53  4:18  Gravitic Drive (Chrono Boost)  
  53  4:21  Probe  
  54  4:25  Colossus  
  54  4:27  Probe  
  54  4:30  Pylon  
  55  4:33  Probe  
  62  4:39  Probe  
  62  4:45  Zealot x2  
  67  4:52  Nexus  
  67  4:57  Probe  
  68  5:06  Sentry  
  68  5:07  Sentry  
  68  5:16  Colossus (Chrono Boost)  
  68  5:18  Probe x2  
  68  5:30  Probe  
  68  5:33  Twilight Council, Forge  
  68  5:35  Gateway  
  69  5:36  Gateway  
  69  5:39  Probe  
  69  5:41  Extended Thermal Lance  
  70  5:45  Gateway  
  70  5:47  Gateway  
  70  5:48  Probe  
  71  5:51  Probe  
  72  5:58  Protoss Ground Weapons Level 1  
  72  6:01  Colossus (Chrono Boost), Sentry  
  72  6:02  Zealot  
  72  6:03  Pylon  
  76  6:11  Probe x2  
  84  6:12  Probe  
  85  6:21  Blink (Chrono Boost)  
  85  6:23  Probe  
  86  6:35  Stalker x2  
  86  6:36  Zealot x2  
  86  6:38  Probe x2  
  96  6:40  Pylon  
  96  6:43  Observer  
  96  6:47  Pylon  
  96  6:48  Pylon  
  96  6:56  Pylon, Zealot, Sentry  
  96  7:01  Stalker x3  
  104  7:03  Stalker  
  108  7:11  Probe x3  
  108  7:12  Pylon  
  111  7:16  Assimilator  
  111  7:18  Assimilator  
  103  7:24  Zealot x5  
  109  7:32  Colossus (Chrono Boost), Stalker  
  117  7:44  Sentry  
  117  7:45  Zealot x4  
  117  7:48  Probe x3  
  130  7:55  Pylon  
  130  8:05  Gateway  
  130  8:06  Gateway  
  130  8:07  Sentry, Stalker x2  
  130  8:11  Stalker  
  138  8:16  Stalker  
  138  8:18  Stalker  
  142  8:33  Templar Archives  
  142  8:37  Pylon, Zealot, Stalker x2  
  142  8:52  Zealot x2  
  142  8:53  Zealot  
  126  9:00  Zealot x3  
  115  9:14  Stalker x4  
  115  9:15  Stalker  
Show
View Real Time Build Order
Export as new Build Order

INnoVation Terran 

Build Orders: Reaper Expand, MMM Bio 

Get SALT Encoding   

  12  0:00  SCV  
  13  0:12  SCV  
  14  0:17  Supply Depot  
  14  0:24  SCV  
  15  0:38  SCV  
  15  0:40  Barracks  
  16  0:43  Refinery  
  16  0:50  SCV  
  17  1:02  SCV  
  18  1:15  SCV  
  19  1:27  Reaper, Orbital Command  
  20  1:40  Command Center  
  20  1:51  Barracks  
  20  1:54  SCV  
  20  1:59  Barracks Reactor  
  21  2:06  SCV  
  22  2:11  Supply Depot  
  22  2:18  SCV  
  22  2:20  Barracks  
  23  2:32  SCV  
  23  2:36  Marine x2  
  26  2:39  Barracks Tech Lab  
  26  2:44  SCV  
  27  2:52  Orbital Command  
  27  2:54  Marine x2  
  27  2:57  SCV  
  30  3:00  Stimpack, Marine  
  31  3:07  Barracks Tech Lab  
  31  3:09  SCV  
  31  3:12  Marine x2  
  34  3:18  Marine  
  36  3:20  SCV  
  36  3:21  SCV  
  36  3:22  Supply Depot  
  36  3:24  Combat Shields  
  36  3:25  Marine  
  38  3:32  Marine x2  
  40  3:36  SCV x2  
  42  3:41  Marine  
  42  3:42  Engineering Bay  
  42  3:43  Marine  
  42  3:48  SCV x2  
  46  3:49  Supply Depot  
  46  3:50  Marine x2  
  48  4:00  SCV x2  
  49  4:04  Marauder x2  
  49  4:08  Marine, Refinery  
  54  4:10  Bunker, Marine  
  54  4:12  SCV x2  
  57  4:17  Factory  
  57  4:24  SCV x2  
  57  4:28  Marauder  
  57  4:30  Marine  
  62  4:32  Supply Depot  
  62  4:34  Refinery  
  62  4:35  Supply Depot  
  62  4:46  Terran Infantry Weapons Level 1  
  62  4:53  SCV x2, Marine  
  62  4:54  Supply Depot, Marauder  
  62  4:55  Marauder  
  62  4:57  Marine  
  70  5:05  SCV x2  
  72  5:11  Marine  
  71  5:14  Starport  
  71  5:15  Factory Reactor  
  71  5:18  SCV x2  
  70  5:27  Marine, Marauder  
  73  5:29  Barracks Tech Lab  
  73  5:30  SCV x2  
  73  5:34  Command Center  
  72  5:42  SCV x2  
  73  5:46  Marine x2  
  73  5:47  Refinery  
  73  5:48  Concussive Shells, Marauder  
  79  5:50  Marauder  
  79  5:54  SCV x2  
  81  5:58  Supply Depot  
  81  5:59  Viking  
  81  6:00  Viking  
  81  6:02  Supply Depot  
  85  6:10  SCV x2  
  86  6:17  Barracks x2  
  84  6:20  Marine x2, Marauder x2  
  84  6:25  SCV x2  
  89  6:30  Medivac x2  
  92  6:37  SCV  
  92  6:38  SCV  
  94  6:41  Supply Depot  
  94  6:42  Terran Infantry Armor Level 1  
  94  6:46  Orbital Command  
  94  6:48  Marauder x2  
  94  6:50  Marine x2  
  94  6:53  SCV x2  
  102  6:57  Supply Depot  
  101  7:02  Medivac x2  
  101  7:05  Barracks Reactor, Barracks Tech Lab  
  101  7:06  SCV  
  101  7:07  SCV  
  107  7:14  Marauder x2  
  111  7:15  Marine x2  
  99  7:29  Marauder  
  90  7:32  Viking x2  
  90  7:33  Marine x2  
  90  7:35  Marauder x2  
  100  7:43  Marine x2  
  102  7:45  Factory Reactor  
  102  7:48  Starport  
  102  7:50  Marauder  
  102  7:51  Marine x2  
  104  7:56  Marauder x2  
  110  8:01  Refinery  
  110  8:03  Viking, Refinery  
  112  8:09  Viking  
  112  8:11  Marauder  
  116  8:13  Marine  
  116  8:14  Marine x3  
  116  8:18  Marauder x2  
  124  8:28  Supply Depot  
  117  8:41  Viking  
  117  8:45  Viking  
  103  8:49  Marauder x3  
  103  8:50  Marine x2  

Tags
 
Add a new tag
Caveats
  • Supply blocks, unpowered buildings, or Contaminate may cause inaccurate times.
  • Supply counts are checked every 10 seconds.